[Event "Titled Tuesday Blitz September 13 Late 2022"]
[White "Bortnyk, Mykola"]
[Black "Sadhwani, Raunak"]
[WhiteFideId "14120836"]
[BlackFideId "35093487"]
[WhiteElo "2582"]
[BlackElo "2656"]
[Result "1-0"]
[Round "09"]
[TimeControl "180+1"]
[Date "2022.09.13"]
[WhiteClock "0:00:58"]
[BlackClock "0:00:20"]

1. e4 e5 2. Bc4 Nf6 3. d3 c6 4. Nf3 d5 5. Bb3 Bb4+ 6. Bd2 Bxd2+ 7. Qxd2 a5 8. a4 Nbd7 9. exd5 cxd5 10. Nc3 d4 11. Nb5 O-O 12. O-O Ra6 13. Rae1 Re8 14. Ng5 Rf8 15. f4 exf4 16. Qxf4 Nc5 17. Bc4 h6 18. Nxf7 Rxf7 19. Nc7 g5 20. Qe5 Ncd7 21. Qe7 Qf8 22. Nxa6 bxa6 23. Rxf6 1-0


[Site "https://www.chess.com"]

[Event "Titled Tuesday Blitz September 13 Late 2022"]
[White "Bortnyk, Olexandr"]
[Black "Andreikin, Dmitry"]
[WhiteFideId "14120828"]
[BlackFideId "4158814"]
[WhiteElo "2723"]
[BlackElo "2736"]
[Result "1-0"]
[Round "09"]
[TimeControl "180+1"]
[Date "2022.09.13"]
[WhiteClock "0:00:09"]
[BlackClock "0:00:07"]

1. e4 e6 2. d4 d5 3. Nc3 Bb4 4. Qd3 dxe4 5. Qxe4 Nf6 6. Qh4 Qd5 7. Ne2 Qe4 8. Qxe4 Nxe4 9. Bf4 c6 10. a3 Ba5 11. b4 Nxc3 12. bxa5 Nd5 13. Bd6 b5 14. axb6 axb6 15. c4 Ne7 16. h4 Nd7 17. g3 Ba6 18. Rc1 Nf5 19. Bf4 Bb7 20. Bg2 Rxa3 21. g4 Ne7 22. Bd6 Ra4 23. h5 Nc8 24. Bg3 O-O 25. h6 g6 26. O-O Re8 27. Rfe1 Ne7 28. Bf3 Ba6 29. Nc3 Ra5 30. Ne4 f5 31. Nd6 Rf8 32. Bh4 g5 33. Rxe6 fxg4 34. Rxe7 Rxf3 35. Rg7+ Kf8 36. Bxg5 g3 37. Be7# 1-0


[Site "https://www.chess.com"]

[Event "Titled Tuesday Blitz September 13 Late 2022"]
[White "Cardoso Cardoso, Jose Gabriel"]
[Black "Maltsevskaya, Aleksandra"]
[WhiteFideId "4430492"]
[BlackFideId "24174041"]
[WhiteElo "2485"]
[BlackElo "2243"]
[Result "1-0"]
[Round "09"]
[TimeControl "180+1"]
[Date "2022.09.13"]
[WhiteClock "0:00:34"]
[BlackClock "0:01:02"]

1. e4 c5 2. Nf3 e6 3. Nc3 Nc6 4. d4 cxd4 5. Nxd4 Nf6 6. Qd3 Bc5 7. Nb3 Bb6 8. Qg3 O-O 9. Bg5 Bc7 10. f4 d6 11. O-O-O Kh8 12. e5 Nh5 13. Bxd8 Nxg3 14. Bxc7 Nxh1 15. Bxd6 Rd8 16. Ne4 b6 17. Bd3 Bb7 18. Rxh1 Rac8 19. Kb1 a5 20. a4 Nb4 21. Bxb4 axb4 22. Nd6 Rc7 23. Rg1 f5 24. Nd4 Bd5 25. h3 g6 26. g4 Ra8 27. Bb5 Rf8 28. g5 Kg7 29. Kc1 Kg8 30. Ne8 Rc5 31. Nf6+ Kg7 32. Nd7 Rfc8 33. Nxc5 bxc5 34. Ne2 c4 35. Nd4 h6 36. gxh6+ Kxh6 37. Bd7 1-0


[Site "https://www.chess.com"]

[Event "Titled Tuesday Blitz September 13 Late 2022"]
[White "Colivet Gamboa, Julio Cesar"]
[Black "Besedes, Danilo"]
[WhiteFideId "3949583"]
[BlackFideId "946796"]
[WhiteElo "1744"]
[BlackElo "2352"]
[Result "0-1"]
[Round "09"]
[TimeControl "180+1"]
[Date "2022.09.13"]
[WhiteClock "0:00:01"]
[BlackClock "0:01:00"]

1. c4 Nf6 2. Nc3 e6 3. e4 Nc6 4. g3 Bc5 5. Bg2 h5 6. h3 a6 7. Nge2 e5 8. d3 d6 9. Bg5 Be6 10. a3 h4 11. Bxh4 Rxh4 12. gxh4 Nh5 13. Ng3 Qxh4 14. Qxh5 Qf4 15. Qf3 Nd4 16. Qxf4 exf4 17. Nge2 f3 18. Nxd4 fxg2 19. Rg1 Bxd4 20. Rxg2 c6 21. f4 Ke7 22. f5 Bd7 23. Kd2 Rh8 24. Rh1 Rh4 25. b3 b5 26. Ne2 Be5 27. d4 Bf6 28. Kd3 c5 29. dxc5 dxc5 30. Rf2 a5 31. Nf4 Be5 32. Nd5+ Kd6 33. f6 g5 34. Rg2 g4 35. Rhg1 gxh3 36. Rg7 h2 37. Rh1 Bg4 38. Ne3 Bf3 39. Nf5+ Ke6 0-1


[Site "https://www.chess.com"]

[Event "Titled Tuesday Blitz September 13 Late 2022"]
[White "Domalchuk-Jonasson, Aleksandr"]
[Black "Lin, Dachey"]
[WhiteFideId "14142805"]
[BlackFideId "2029650"]
[WhiteElo "1991"]
[BlackElo "2313"]
[Result "1-0"]
[Round "09"]
[TimeControl "180+1"]
[Date "2022.09.13"]
[WhiteClock "0:00:02"]
[BlackClock "0:00:07"]

1. d4 g6 2. e4 Bg7 3. Nf3 c6 4. Bd3 d5 5. e5 Bg4 6. Nbd2 e6 7. h3 Bxf3 8. Nxf3 Nd7 9. O-O Ne7 10. b4 O-O 11. c3 b6 12. Qe2 Qc7 13. Bg5 Rfe8 14. a4 a5 15. Rfc1 h6 16. Bd2 Ra7 17. c4 axb4 18. Bxb4 c5 19. cxd5 Nxd5 20. Bd2 Rea8 21. Bb5 Qd8 22. Bc6 Rc8 23. Bxd5 exd5 24. e6 Nf8 25. exf7+ Rxf7 26. a5 cxd4 27. Rxc8 Qxc8 28. Qd3 bxa5 29. Rxa5 Qc4 30. Qb1 d3 31. Ne1 Bc3 32. Ra2 d4 33. Nxd3 Rb7 34. Qxb7 Qxa2 35. Bxh6 Ne6 36. Ne5 Kh8 37. Qf7 Qb1+ 38. Kh2 Qb8 39. f4 Nxf4 40. Qg7# 1-0


[Site "https://www.chess.com"]

[Event "Titled Tuesday Blitz September 13 Late 2022"]
[White "Fishbein, Alexander"]
[Black "Hansen, Eric"]
[WhiteFideId "2000377"]
[BlackFideId "2606771"]
[WhiteElo "2410"]
[BlackElo "2568"]
[Result "0-1"]
[Round "09"]
[TimeControl "180+1"]
[Date "2022.09.13"]
[WhiteClock "0:00:04"]
[BlackClock "0:01:12"]

1. c4 e5 2. Nc3 Nc6 3. Nf3 Bb4 4. Nd5 Be7 5. d4 d6 6. e4 Nf6 7. Nxf6+ Bxf6 8. d5 Nb8 9. Be3 a5 10. Bd3 O-O 11. h3 Na6 12. Qd2 Nc5 13. Bc2 b6 14. g4 Be7 15. O-O h5 16. gxh5 Bxh3 17. Rfe1 Bg4 18. Nh2 Bxh5 19. f4 Bh4 20. Rf1 exf4 21. Bxf4 Re8 22. Qg2 Qf6 23. e5 Rxe5 24. Bxe5 Qxe5 25. Nf3 Qe3+ 26. Kh1 Bf6 27. Qh3 Qh6 28. Bf5 Re8 29. Kg2 Re2+ 30. Rf2 Rxf2+ 31. Kxf2 g6 32. Bg4 Nd3+ 33. Kg1 Qe3+ 34. Kh2 Nf2 0-1


[Site "https://www.chess.com"]

[Event "Titled Tuesday Blitz September 13 Late 2022"]
[White "Gascon Del Nogal, Jose Rafael"]
[Black "Mikhailov, Viacheslav"]
[WhiteFideId "3902463"]
[BlackFideId "4187369"]
[WhiteElo "2473"]
[BlackElo "2381"]
[Result "0-1"]
[Round "09"]
[TimeControl "180+1"]
[Date "2022.09.13"]
[WhiteClock "0:00:27"]
[BlackClock "0:01:26"]

1. d4 c5 2. d5 e5 3. Nc3 d6 4. e4 a6 5. f4 exf4 6. Bxf4 Ne7 7. Nf3 Ng6 8. Bg3 Be7 9. Bd3 Bg4 10. O-O Nd7 11. Be2 Bxf3 12. gxf3 O-O 13. f4 Bf6 14. e5 dxe5 15. f5 Nf4 16. Ne4 Bg5 17. c4 Bh6 18. Kh1 Nf6 19. Bh4 Kh8 20. Bf3 Rg8 21. a3 Qb6 22. Bxf6 gxf6 23. Qc2 Rg7 24. Rg1 Rag8 25. Rxg7 Rxg7 26. Rd1 Nh3 27. d6 Qc6 28. d7 Qxd7 29. Ng5 Rxg5 0-1


[Site "https://www.chess.com"]

[Event "Titled Tuesday Blitz September 13 Late 2022"]
[White "Ghasi, Ameet K"]
[Black "Korchmar, Vasiliy"]
[WhiteFideId "409200"]
[BlackFideId "24131750"]
[WhiteElo "2587"]
[BlackElo "2370"]
[Result "0-1"]
[Round "09"]
[TimeControl "180+1"]
[Date "2022.09.13"]
[WhiteClock "0:00:09"]
[BlackClock "0:00:07"]

1. b3 d5 2. Bb2 Bg4 3. d3 Nc6 4. h3 Bh5 5. Nd2 e5 6. a3 Nf6 7. b4 Bd6 8. g4 Bg6 9. Bg2 O-O 10. e3 h6 11. h4 e4 12. g5 Bh5 13. Bxf6 Bxd1 14. Bxd8 Bxc2 15. dxe4 dxe4 16. Bxc7 Bxc7 17. Bxe4 Bxe4 18. Nxe4 Rfe8 19. Nc5 a5 20. b5 Nd4 21. Rc1 Bd6 22. Ne2 Nf3+ 23. Kf1 Rac8 24. Kg2 Rxc5 25. Rxc5 Bxc5 26. Kxf3 Bxa3 27. gxh6 gxh6 28. Rd1 Ra8 29. Nc3 Bb4 30. Nd5 Bc5 31. Nf6+ Kg7 32. Ne4 Be7 33. Rd7 Bxh4 34. Nd6 a4 35. Nf5+ Kf6 36. Nxh4 a3 37. Rd1 a2 38. Ra1 Ke5 39. Ke2 Kd5 40. Nf3 Kc4 41. Nd4 Kc3 42. Kd1 Kb2 43. Nc2 Rd8+ 44. Ke2 Rc8 45. Rxa2+ Kxa2 46. Nd4 h5 47. Nf5 Rh8 48. Kf3 h4 49. Kg2 h3+ 50. Kh2 Kb3 51. Nd6 b6 52. Nxf7 Rh7 53. Nd6 Kb4 54. e4 Kc5 55. e5 Kd5 56. f4 Ke6 57. Ne4 Kf5 58. Ng5 Rh8 59. e6 Kxf4 60. Nf7 Re8 61. Nd6 Rxe6 62. Nc4 Ke4 63. Nd2+ Kd3 64. Nf3 Kc4 65. Ng5 Rd6 66. Ne4 Re6 67. Ng5 Rg6 68. Nf3 Kxb5 69. Nd4+ Kc4 70. Nf5 b5 71. Ne3+ Kd3 72. Nd5 Kc4 73. Ne3+ Kd4 74. Nf5+ Kc5 75. Ne7 Re6 76. Nf5 Re5 77. Ng3 Re3 78. Nf1 Kd4 79. Nd2 b4 80. Nb1 b3 81. Na3 Rd3 82. Nb5+ Kc4 83. Na3+ Kc3 84. Nb1+ Kc2 85. Na3+ Kc1 86. Nc4 Rc3 87. Na3 b2 88. Nb5 Rc2+ 89. Kg3 b1=Q 0-1


[Site "https://www.chess.com"]

[Event "Titled Tuesday Blitz September 13 Late 2022"]
[White "Gomez Ledo, Roberto Carlos"]
[Black "Makarian, Rudik"]
[WhiteFideId "3507076"]
[BlackFideId "44105681"]
[WhiteElo "2379"]
[BlackElo "2410"]
[Result "0-1"]
[Round "09"]
[TimeControl "180+1"]
[Date "2022.09.13"]
[WhiteClock "0:00:06"]
[BlackClock "0:00:09"]

1. d4 Nf6 2. Bf4 g6 3. Nc3 Bg7 4. e4 d6 5. Qd2 h6 6. h4 Nc6 7. O-O-O Nh5 8. Be3 e5 9. Nge2 Bd7 10. f3 exd4 11. Nxd4 Ng3 12. Rg1 Nxf1 13. Rgxf1 Qxh4 14. Rh1 Qd8 15. Nxc6 Bxc6 16. Bxh6 Rxh6 17. Rxh6 Bxh6 18. Qxh6 Qf6 19. Qh3 Ke7 20. Rh1 Re8 21. Qh4 Qxh4 22. Rxh4 Kf6 23. Kd2 a5 24. a4 Kg7 25. b3 f5 26. exf5 gxf5 27. Ne2 b6 28. Nf4 Re7 29. Rh5 Kf6 30. Rh8 Kg5 31. Nh3+ Kf6 32. Nf4 Rf7 33. Ke3 Ke7 34. Ng6+ Kf6 35. Nf4 Ke7 36. Ng6+ Kd7 37. Kf4 Bd5 38. Nh4 Be6 39. Rh5 Rg7 40. g3 Re7 41. c4 d5 42. Nxf5 Rf7 43. g4 dxc4 44. bxc4 Bxc4 45. g5 b5 46. g6 Rf8 47. axb5 a4 48. g7 Rg8 49. Ke5 a3 50. Kf6 a2 51. Rh1 Ra8 52. Ra1 Rb8 53. Nh6 Rb6+ 54. Kg5 Rxb5+ 55. Kg6 Rb1 56. Rxa2 Bxa2 57. f4 Rg1+ 58. Kh7 Ke7 59. f5 Kf6 0-1


[Site "https://www.chess.com"]

[Event "Titled Tuesday Blitz September 13 Late 2022"]
[White "Ibarra Jerez, Jose Carlos"]
[Black "Pranav, V"]
[WhiteFideId "2226332"]
[BlackFideId "25060783"]
[WhiteElo "2627"]
[BlackElo "2390"]
[Result "0-1"]
[Round "09"]
[TimeControl "180+1"]
[Date "2022.09.13"]
[WhiteClock "0:00:01"]
[BlackClock "0:00:32"]

1. Nf3 Nf6 2. g3 d5 3. Bg2 c6 4. O-O Bg4 5. h3 Bxf3 6. Bxf3 Nbd7 7. d3 e6 8. e4 Bc5 9. Bg2 Bb6 10. exd5 cxd5 11. c4 O-O 12. Nc3 dxc4 13. dxc4 Qc7 14. Bf4 Qxc4 15. Bxb7 Rad8 16. Qa4 Qc5 17. Rad1 Qh5 18. Bg2 e5 19. Bc1 Nc5 20. Qc4 Ne6 21. Rxd8 Rxd8 22. Re1 Nd4 23. Be3 h6 24. a4 Ba5 25. b4 Nc2 26. Rc1 Nxe3 27. fxe3 Bb6 28. Re1 Qg5 29. Kf2 Rd2+ 30. Kf1 Qxg3 31. Re2 Rxe2 32. Qxe2 Bxe3 33. Qf3 Qxf3+ 34. Bxf3 Bd2 35. Na2 e4 36. Bg2 Kf8 37. Ke2 e3 38. a5 Nh5 39. Bf3 Nf4+ 40. Kd1 Nxh3 41. a6 Nf4 42. b5 Ba5 43. Nb4 Bxb4 44. b6 Bc5 45. b7 Bd6 0-1


[Site "https://www.chess.com"]

[Event "Titled Tuesday Blitz September 13 Late 2022"]
[White "Indjic, Aleksandar"]
[Black "Sargsyan, Anna M."]
[WhiteFideId "911925"]
[BlackFideId "13308130"]
[WhiteElo "2592"]
[BlackElo "2271"]
[Result "1-0"]
[Round "09"]
[TimeControl "180+1"]
[Date "2022.09.13"]
[WhiteClock "0:00:21"]
[BlackClock "0:00:04"]

1. e4 c6 2. Nf3 d5 3. d3 Bg4 4. h3 Bxf3 5. Qxf3 Nf6 6. Nd2 e6 7. g3 Nbd7 8. Bg2 g6 9. Qe2 Bg7 10. e5 Ng8 11. f4 Ne7 12. O-O h5 13. Nf3 Nf5 14. Qe1 Qb6+ 15. Kh2 O-O-O 16. c3 Nc5 17. d4 Ne4 18. Ng5 Nxg5 19. fxg5 c5 20. c4 dxc4 21. dxc5 Qxc5 22. Bf4 Rd4 23. h4 Rhd8 24. Rc1 Kb8 25. Rc2 Rd3 26. Be4 R3d7 27. Bxf5 gxf5 28. Qe2 Rd3 29. Rfc1 b5 30. a4 a6 31. axb5 axb5 32. b4 Qd5 33. Qxh5 Bxe5 34. Bxe5+ Qxe5 35. Rg2 f4 36. Qxf7 fxg3+ 37. Kh3 R8d7 38. Qf8+ Rd8 39. Qf7 R3d7 40. Qf6 Qe3 41. Ra1 c3 42. Rxg3 Qe4 43. Qf3 Qxf3 44. Rxf3 Rd3 45. Rxd3 Rxd3+ 46. Kg4 Rd4+ 47. Kh5 Rxb4 48. g6 Rb2 49. Rg1 c2 50. g7 c1=Q 51. Rxc1 Rg2 52. Kh6 b4 53. Rb1 Kc7 54. Rxb4 e5 55. h5 Kd6 56. Kh7 Ke6 57. h6 Kf7 58. Rb7+ Kf6 59. g8=Q 1-0


[Site "https://www.chess.com"]

[Event "Titled Tuesday Blitz September 13 Late 2022"]
[White "Jobava, Baadur"]
[Black "Ivic, Velimir"]
[WhiteFideId "13601520"]
[BlackFideId "950122"]
[WhiteElo "2582"]
[BlackElo "2625"]
[Result "1-0"]
[Round "09"]
[TimeControl "180+1"]
[Date "2022.09.13"]
[WhiteClock "0:00:19"]
[BlackClock "0:00:13"]

1. e4 c5 2. c3 d5 3. exd5 Nf6 4. d4 cxd4 5. Nf3 Nxd5 6. cxd4 Nc6 7. Nc3 e6 8. Bd3 Be7 9. O-O O-O 10. Re1 Nf6 11. a3 b6 12. Bc2 Ba6 13. h4 Rc8 14. Bg5 h6 15. Bf4 Na5 16. d5 exd5 17. Bf5 Rc4 18. Be5 Bc8 19. Bxc8 Rxc8 20. Bxf6 Bxf6 21. Nxd5 Nc4 22. b3 Bxa1 23. Ne7+ Kh8 24. Qxa1 Nd6 25. Nxc8 Qxc8 26. Rd1 Ne4 27. Qd4 Nf6 28. Ne5 Qc2 29. Qd3 Qb2 30. Nc4 Qa2 31. a4 Re8 32. Nd6 Re2 33. Nxf7+ Kg8 34. Qg6 Rd2 35. Nxh6+ Kh8 36. Nf7+ Kg8 37. Rc1 1-0


[Site "https://www.chess.com"]

[Event "Titled Tuesday Blitz September 13 Late 2022"]
[White "Kamsky, Gata"]
[Black "Lenderman, Aleksandr"]
[WhiteFideId "2000024"]
[BlackFideId "2021285"]
[WhiteElo "2666"]
[BlackElo "2607"]
[Result "1/2-1/2"]
[Round "09"]
[TimeControl "180+1"]
[Date "2022.09.13"]
[WhiteClock "0:00:35"]
[BlackClock "0:02:00"]

1. d4 d5 2. Bf4 c5 3. e3 cxd4 4. exd4 Nc6 5. c3 Bf5 6. Nd2 e6 7. Ngf3 Bd6 8. Bg3 Nge7 9. Be2 O-O 10. O-O Bg6 11. Re1 Nf5 12. a4 Nxg3 13. hxg3 h6 14. Nb3 Qc7 15. Bd3 Bxd3 16. Qxd3 Rac8 17. Re2 Qb6 18. Qb5 Qc7 19. Nbd2 a6 20. Qd3 Rb8 21. g4 Be7 22. g3 Rfc8 23. Kg2 Na5 24. Ne5 Bf6 25. Nef3 Nc4 26. Nxc4 Qxc4 27. Qxc4 Rxc4 28. a5 g6 29. Ne1 Kg7 30. Nd3 Rc7 31. f4 Be7 32. Kf3 Bd6 33. Kg2 Rh8 34. Rh1 Rc6 35. f5 exf5 36. gxf5 g5 37. g4 b6 38. axb6 Rxb6 39. Ra1 h5 40. gxh5 Rxh5 41. Ra5 Rh2+ 42. Kf1 Rh3 43. Nf2 Rf3 44. Rxd5 Bg3 45. Kg2 Rxf2+ 46. Rxf2 Bxf2 47. Kxf2 Rxb2+ 48. Kf3 Rc2 49. Rc5 a5 50. Kg4 Rg2+ 51. Kf3 Rc2 52. Kg4 Rg2+ 53. Kf3 Rc2 1/2-1/2


[Site "https://www.chess.com"]

[Event "Titled Tuesday Blitz September 13 Late 2022"]
[White "Kravtsiv, Martyn"]
[Black "Tari, Aryan"]
[WhiteFideId "14113147"]
[BlackFideId "1510045"]
[WhiteElo "2694"]
[BlackElo "2612"]
[Result "1-0"]
[Round "09"]
[TimeControl "180+1"]
[Date "2022.09.13"]
[WhiteClock "0:00:11"]
[BlackClock "0:00:03"]

1. e4 c6 2. Nf3 d5 3. d3 Qc7 4. Nc3 dxe4 5. Nxe4 Nf6 6. Qe2 Nbd7 7. g3 Nxe4 8. Qxe4 Nf6 9. Qe2 Bg4 10. Bg2 e6 11. h3 Bh5 12. Bf4 Bd6 13. Bxd6 Qxd6 14. g4 Bg6 15. Ne5 Nd5 16. Bxd5 Qxd5 17. f3 f6 18. Nc4 h5 19. O-O-O b5 20. Na5 Qxa2 21. Nxc6 Bf7 22. Qe4 Rc8 23. Kd2 Qa6 24. Nd4 O-O 25. gxh5 Qa5+ 26. c3 b4 27. c4 Qxh5 28. Rdg1 Rfe8 29. Rg3 e5 30. Nf5 g6 31. Nd6 Rcd8 32. Nxe8 Bxe8 33. Rhg1 Rd4 34. Qa8 Kf8 35. Qxa7 Qh6+ 36. Ke2 Qf4 37. Qc5+ Kg8 38. Rxg6+ Bxg6 39. Rxg6+ Kh7 40. Rg2 Rd7 41. Qc6 Qf5 42. Qe4 Qxe4+ 43. fxe4 b3 44. Kd2 f5 45. exf5 e4 46. Rg3 Kh6 47. Kc3 exd3 48. Rxd3 Rf7 49. Rf3 Kg5 50. Kxb3 Kf6 51. Kc3 Re7 52. b4 Re1 53. b5 Rc1+ 54. Kb4 Rb1+ 55. Kc5 Rf1 56. Rxf1 1-0


[Site "https://www.chess.com"]

[Event "Titled Tuesday Blitz September 13 Late 2022"]
[White "Loay, Sameer"]
[Black "Fernandez De La Vara, Arnaldo"]
[WhiteFideId "8104239"]
[BlackFideId "3518388"]
[WhiteElo "2040"]
[BlackElo "2387"]
[Result "1-0"]
[Round "09"]
[TimeControl "180+1"]
[Date "2022.09.13"]
[WhiteClock "0:01:00"]
[BlackClock "0:00:03"]

1. Nf3 Nf6 2. g3 b6 3. Bg2 Bb7 4. O-O g6 5. d3 d5 6. Nbd2 Bg7 7. e4 dxe4 8. dxe4 Nxe4 9. Ng5 Nxg5 10. Bxb7 Nd7 11. h4 Ne6 12. Nc4 Rb8 13. Bc6 Nd4 14. Bg2 O-O 15. c3 Nf5 16. Ne3 Nd6 17. h5 Nc5 18. Nd5 a5 19. h6 Bh8 20. Bg5 Nf5 21. g4 Ne6 22. gxf5 Nxg5 23. Qg4 e6 24. fxe6 Nxe6 25. Rad1 Qg5 26. Qxg5 Nxg5 27. Nxc7 Be5 28. Nd5 Ne6 29. f4 Bc7 30. Nf6+ Kh8 31. Nd7 Bxf4 32. Nxf8 Rxf8 33. Rd7 Kg8 34. Bd5 Be3+ 35. Kh1 Nf4 36. Bc4 Rc8 37. Bxf7+ Kh8 38. Rf3 Bc1 39. Rd1 Bxb2 40. Rxf4 g5 41. Rfd4 Bxc3 42. Rd8+ 1-0


[Site "https://www.chess.com"]

[Event "Titled Tuesday Blitz September 13 Late 2022"]
[White "Maksimovic, Bojan"]
[Black "Mirzoev, Azer"]
[WhiteFideId "14408120"]
[BlackFideId "13400304"]
[WhiteElo "2447"]
[BlackElo "2525"]
[Result "1-0"]
[Round "09"]
[TimeControl "180+1"]
[Date "2022.09.13"]
[WhiteClock "0:00:13"]
[BlackClock "0:00:03"]

1. e4 Nf6 2. e5 Nd5 3. d4 d6 4. Nf3 dxe5 5. Nxe5 c6 6. Be2 Nd7 7. Nf3 N7f6 8. O-O Bg4 9. Nbd2 e6 10. Re1 Be7 11. Nf1 O-O 12. Ng3 Nh5 13. Nf1 Nhf4 14. h3 Nxe2+ 15. Qxe2 Bh5 16. Ng3 Bg6 17. Ne5 Bd6 18. Nxg6 hxg6 19. Ne4 Be7 20. c3 Re8 21. Bd2 a5 22. a4 Qc7 23. Bg5 Bxg5 24. Nxg5 Rad8 25. Rad1 Nf6 26. Qe5 Qb6 27. Qe2 Qb3 28. Ra1 Rd5 29. Nf3 Qb6 30. Ne5 Qc7 31. Nc4 Red8 32. Rad1 Nh7 33. Ne5 Nf8 34. Rd3 Nh7 35. Rdd1 Nf6 36. Rd3 R5d6 37. Nc4 Rd5 38. Re3 c5 39. dxc5 Qxc5 40. Re5 Rxe5 41. Nxe5 Qc7 42. Nc4 Nd5 43. Rd1 Nf4 44. Rxd8+ Qxd8 45. Qd2 Nd5 46. Qd4 Qc7 47. Nd2 Nf6 48. Nb3 b6 49. Nd2 Qc6 50. b3 Qc7 51. g3 Nd5 52. Nc4 g5 53. Kf1 g6 54. Ke2 Qc6 55. Kd2 Qc7 56. Kc2 Qc6 57. Kb2 Qc7 58. Qe5 Qc6 59. Qb8+ Kg7 60. Qe5+ f6 61. Qd6 Qxd6 62. Nxd6 Kf8 63. c4 Nb4 64. Kc3 Na2+ 65. Kd4 Nb4 66. Nc8 Nc6+ 67. Kc3 e5 68. Nxb6 Ke7 69. Nd5+ Ke6 70. b4 axb4+ 71. Nxb4 Nd4 72. a5 Kd7 73. c5 f5 74. Kc4 g4 75. hxg4 fxg4 76. a6 Kc7 77. Kd5 Nf3 78. c6 Nd2 79. Kxe5 Kb6 80. Kf4 1-0


[Site "https://www.chess.com"]

[Event "Titled Tuesday Blitz September 13 Late 2022"]
[White "Martinez Ramirez, Lennis"]
[Black "Shirov, Alexei"]
[WhiteFideId "3509079"]
[BlackFideId "2209390"]
[WhiteElo "2374"]
[BlackElo "2678"]
[Result "0-1"]
[Round "09"]
[TimeControl "180+1"]
[Date "2022.09.13"]
[WhiteClock "0:00:03"]
[BlackClock "0:00:15"]

1. d4 d5 2. Nf3 Nf6 3. c4 c6 4. e3 Bf5 5. Nc3 e6 6. Nh4 Be4 7. f3 Bg6 8. Qb3 Qc7 9. g3 Be7 10. Bd2 Bh5 11. Be2 dxc4 12. Qxc4 Nd5 13. Ng2 Nd7 14. Rc1 N7b6 15. Qb3 O-O 16. O-O Bg5 17. h4 Nxc3 18. bxc3 Qxg3 19. hxg5 Qxg5 20. Qd1 Bg6 21. e4 Qa5 22. Rc2 e5 23. c4 Qa4 24. dxe5 Rad8 25. Qc1 Nd7 26. Bc3 Nc5 27. Rd2 Ne6 28. Rfd1 Rxd2 29. Rxd2 c5 30. Bd3 Qc6 31. Re2 Nd4 32. Bxd4 cxd4 33. f4 Bh5 34. Rf2 b5 35. Rc2 b4 36. c5 a5 37. Rc4 Bf3 38. Qb2 Bxe4 39. Qxd4 Bxg2 40. Qd6 Bd5 41. Qxc6 Bxc6 42. Be4 Rc8 43. Bf5 Rc7 44. Kf2 g6 45. Bd3 Bd5 46. Rc2 a4 0-1


[Site "https://www.chess.com"]

[Event "Titled Tuesday Blitz September 13 Late 2022"]
[White "Melikyan, Gnel"]
[Black "Arnold, Ken"]
[WhiteFideId "54109990"]
[BlackFideId "2056836"]
[WhiteElo "1772"]
[BlackElo "2462"]
[Result "0-1"]
[Round "09"]
[TimeControl "180+1"]
[Date "2022.09.13"]
[WhiteClock "0:01:23"]
[BlackClock "0:01:25"]

1. e4 c6 2. Nf3 d5 3. Nc3 Bg4 4. h3 Bxf3 5. Qxf3 e6 6. b3 Nf6 7. Bb2 Nbd7 8. g3 dxe4 9. Nxe4 Be7 10. Bg2 Nxe4 11. Qxe4 Bf6 12. Bc3 Bxc3 13. dxc3 Qf6 14. Qd4 Qxd4 15. cxd4 O-O-O 16. O-O-O Kc7 17. Rhe1 Nf6 18. Kb2 Rd7 19. c3 Rhd8 20. Bf3 c5 21. dxc5 Rxd1 22. Rxd1 Rxd1 23. Bxd1 Ne4 24. Bc2 Nxf2 25. h4 h5 26. Bh7 Kd7 27. b4 g6 28. c4 Ne4 29. a4 Nxg3 30. a5 Ne4 31. Kc2 Nf6 32. b5 Nxh7 33. Kd3 g5 34. hxg5 Nxg5 35. Ke3 h4 36. Kf4 h3 37. Kxg5 h2 38. a6 bxa6 39. b6 axb6 40. cxb6 h1=Q 41. c5 Qd5+ 42. Kf6 Qxc5 43. b7 Qb6 44. b8=Q Qxb8 45. Kxf7 Qf4+ 46. Kg8 Ke7 47. Kh7 Qg5 48. Kh8 Kf7 0-1


[Site "https://www.chess.com"]

[Event "Titled Tuesday Blitz September 13 Late 2022"]
[White "Naroditsky, Daniel"]
[Black "Bluebaum, Matthias"]
[WhiteFideId "2026961"]
[BlackFideId "24651516"]
[WhiteElo "2628"]
[BlackElo "2633"]
[Result "0-1"]
[Round "09"]
[TimeControl "180+1"]
[Date "2022.09.13"]
[WhiteClock "0:00:04"]
[BlackClock "0:00:15"]

1. Nf3 d5 2. g3 Bg4 3. Bg2 e6 4. O-O Nf6 5. d4 Be7 6. c3 O-O 7. Nbd2 c5 8. Ne5 Bh5 9. Ndf3 Nc6 10. Nxc6 bxc6 11. Ne5 Qb6 12. b3 cxd4 13. cxd4 c5 14. Be3 Rfc8 15. Qd2 Qb4 16. Qb2 c4 17. Rac1 Qa3 18. Rc2 Qxb2 19. Rxb2 Ba3 20. Rc2 cxb3 21. Rxc8+ Rxc8 22. axb3 Bxe2 23. Ra1 Bf8 24. Rxa7 Ng4 25. Nxg4 Bxg4 26. Rb7 h6 27. h3 Bf5 28. Bf1 g5 29. b4 Rc2 30. b5 Rb2 31. Bg2 Rb1+ 32. Kh2 Kg7 33. b6 Bd6 34. Bf3 Bd3 35. Bh5 Bg6 36. Bg4 Kf6 37. Be2 h5 38. Kg2 h4 39. Bg4 hxg3 40. fxg3 Rb2+ 41. Bf2 Bb4 42. Kg1 Rb1+ 43. Kh2 Be4 0-1


[Site "https://www.chess.com"]

[Event "Titled Tuesday Blitz September 13 Late 2022"]
[White "Navarrete Mendez, Gonzalo Alberto"]
[Black "Kobo, Ori"]
[WhiteFideId "5106850"]
[BlackFideId "2812320"]
[WhiteElo "2261"]
[BlackElo "2420"]
[Result "0-1"]
[Round "09"]
[TimeControl "180+1"]
[Date "2022.09.13"]
[WhiteClock "0:00:08"]
[BlackClock "0:00:38"]

1. e4 e5 2. Nf3 Nc6 3. Bb5 a6 4. Ba4 d6 5. c3 Bd7 6. d4 Nf6 7. d5 Ne7 8. Bxd7+ Qxd7 9. c4 Nxe4 10. O-O g6 11. Re1 Nf6 12. Nc3 Bg7 13. b4 O-O 14. h3 a5 15. bxa5 Rxa5 16. a4 b6 17. Nb5 Rfa8 18. Bd2 R5a6 19. Bc3 h6 20. Qc2 Ne8 21. Nd2 f5 22. f4 e4 23. Nb3 Kh7 24. Bxg7 Nxg7 25. N3d4 Ng8 26. Re2 Nf6 27. Kh2 Nfh5 28. g3 Qf7 29. Nc6 Re8 30. a5 bxa5 31. Rxa5 Rxa5 32. Nxa5 g5 33. Qd2 gxf4 34. gxf4 Rg8 35. Nd4 Nf6 36. Rg2 Qh5 37. Rg3 Qh4 38. Kg2 Nfh5 39. Ne2 Nxg3 40. Nxg3 Nh5 0-1


[Site "https://www.chess.com"]

[Event "Titled Tuesday Blitz September 13 Late 2022"]
[White "Pap, Gyula"]
[Black "Martinez Alcantara, Jose Eduardo"]
[WhiteFideId "725323"]
[BlackFideId "3805662"]
[WhiteElo "2519"]
[BlackElo "2703"]
[Result "1-0"]
[Round "09"]
[TimeControl "180+1"]
[Date "2022.09.13"]
[WhiteClock "0:00:11"]
[BlackClock "0:00:13"]

1. d4 Nf6 2. c4 e6 3. Nc3 Bb4 4. Qb3 a5 5. a3 Bxc3+ 6. Qxc3 O-O 7. Bg5 h6 8. Bh4 d5 9. e3 b6 10. cxd5 exd5 11. Bxf6 Qxf6 12. Qxc7 Bf5 13. Nf3 Nd7 14. Bb5 Rac8 15. Qf4 Rc2 16. O-O Rxb2 17. a4 Rc8 18. Rac1 Rbc2 19. Rxc2 Rxc2 20. h4 Nf8 21. Qb8 g6 22. Ne5 Kg7 23. Qb7 Qe6 24. Bc6 Qf6 25. Bxd5 Be6 26. Bxe6 Qxe6 27. Rb1 Qf5 28. Qf3 f6 29. Qxf5 gxf5 30. Nd3 Nd7 31. Nf4 Kf7 32. Nd5 Rc6 33. Kh2 Ke6 34. Rb5 Kd6 35. Nf4 Rc4 36. Rd5+ Kc6 37. Rxf5 Rxa4 38. Rh5 Rb4 39. Rxh6 a4 40. Rh8 Kb7 41. Rd8 Kc7 42. Ne6+ Kd6 43. Nf8 Ke7 44. Rxd7+ Kxf8 45. Ra7 b5 46. h5 Kg8 47. d5 Rb2 48. d6 Rd2 49. d7 a3 50. Ra8+ Kf7 51. d8=Q Rxd8 52. Rxd8 b4 53. Ra8 Ke6 54. Ra4 b3 55. Rxa3 b2 56. Rb3 b1=Q 57. Rxb1 Kf5 58. Rb4 Kg5 59. Rf4 Kxh5 60. Rxf6 Kg5 61. Rf4 Kh5 62. Kg3 Kg5 63. e4 Kh5 64. e5 Kg5 65. e6 Kg6 66. e7 Kh7 67. e8=Q Kh6 68. Rf6+ Kg5 69. Qg6# 1-0


[Site "https://www.chess.com"]